 Dungeon Crawl Stone Soup version 0.26-a0-976-gd3b5134375 (webtiles) character file.

Game seed: 143495385189841238

165 Gargoyl the Skirmisher (level 5, -1/47 HPs)
             Began as a Gnoll Abyssal Knight on Dec 5, 2020.
             Was a Believer of Lugonu.
             Killed from afar by Pikel (24 damage)
             ... with a bolt of acid
             ... on level 4 of the Dungeon.
             The game lasted 00:03:00 (3133 turns).

Gargoyl the Skirmisher (Gnoll Abyssal Knight)       Turns: 3133, Time: 00:03:01

Health: -1/47      AC:  7    Str: 15    XL:     5   Next: 46%
Magic:  8/8        EV:  8    Int: 14    God:    Lugonu [**....]
Gold:   193        SH:  5    Dex: 15    Spells: 7/7 levels left

rFire    . . .     SeeInvis .   d - +3 falchion (holy)
rCold    . . .     Faith    .   (no shield)
rNeg     . . .     Spirit   .   c - +1 chain mail
rPois    .         Reflect  +   (no helmet)
rElec    .         Harm     .   (no cloak)
rCorr    .         Rampage  .   (no gloves)
MR       .....                  r - +0 pair of boots
Stlth    ..........             q - amulet of reflection
HPRegen  0.15/turn              (no ring)
MPRegen  0.11/turn              (no ring)

@: corroded
A: distributed training, fangs 1, strong nose
a: Depart the Abyss, Bend Space, Renounce Religion


You were on level 4 of the Dungeon.
You worshipped Lugonu.
Lugonu was pleased with you.
You visited 1 branch of the dungeon, and saw 4 of its levels.
You visited the Abyss 1 time.

You collected 193 gold pieces.

Inventory:

Hand Weapons
 a - a +2 hand axe
 d - a +3 falchion of holy wrath (weapon)
Armour
 c - a +1 chain mail (worn)
 r - a +0 pair of boots (worn)
Jewellery
 q - an amulet of reflection (around neck)
Scrolls
 e - 2 scrolls of identify
 i - 2 scrolls of remove curse
 l - a scroll of fog
Potions
 b - a potion of berserk rage
 f - a potion of curing {unknown}
 g - 5 potions of heal wounds {unknown}
 h - a potion of cancellation
 j - a potion of lignification {unknown}
 k - a potion of might {unknown}
 m - a potion of flight
 n - a potion of degeneration {unknown}
 o - a potion of brilliance {unknown}
 p - 2 potions of ambrosia {unknown}


   Skills:
 + Level 6.7 Fighting
 + Level 1.5 Short Blades
 + Level 1.5 Long Blades
 + Level 4.8 Axes
 + Level 1.5 Maces & Flails
 + Level 1.5 Polearms
 + Level 1.5 Staves
 + Level 1.5 Slings
 + Level 1.5 Bows
 + Level 1.5 Crossbows
 + Level 1.5 Throwing
 + Level 4.8 Armour
 + Level 3.0 Dodging
 + Level 1.5 Stealth
 + Level 1.5 Shields
 + Level 1.5 Unarmed Combat
 + Level 1.5 Spellcasting
 + Level 1.2 Conjurations
 + Level 1.2 Hexes
 + Level 1.2 Summonings
 + Level 1.2 Necromancy
 + Level 1.2 Translocations
 + Level 1.2 Transmutations
 + Level 1.2 Fire Magic
 + Level 1.2 Ice Magic
 + Level 1.2 Air Magic
 + Level 1.2 Earth Magic
 + Level 1.2 Poison Magic
 + Level 4.9 Invocations
 + Level 1.5 Evocations


You had 7 spell levels left.
You didn't know any spells.
Your spell library was empty.

Dungeon Overview and Level Annotations

Branches:
Dungeon (4/15)
 Temple: D:4-7

Altars:
Makhleb
Vehumet

Annotations:
D:4 Pikel


Innate Abilities, Weirdness & Mutations

Your experience applies equally to all skills.
You have very sharp teeth.
Your uncanny sense of smell can sniff out nearby items.


Message History

You are splashed with acid!
The lemure barely misses you.
You riposte.
You miss the lemure. Your bite misses the lemure.
You climb upwards.
There is a stone staircase leading down here.
You start resting.
You are no longer corroded.
You start resting.
HP restored.
You climb downwards.
Level annotation: Pikel The lemure barely misses you.
The lemure hits you but does no damage.
Pikel says, "Dispater doesn't talk much, but I know they dig me."
Pikel zaps a wand.
The bolt of acid hits you! The acid corrodes you!
You are splashed with acid!
There is a stone staircase leading up here.
The lemure hits you but does no damage. The lemure hits you.
Pikel zaps a wand.
The bolt of acid hits you!!
Ouch! That really hurt!
You die...

∆ # # ######
....#.#K...#.##
...(.55@5......
....#.#.####.##
# .. 5.. #.
.#.## # ..#.# ∆
.. #.. #.. ###
#.


You could see Pikel and 4 lemures.

Vanquished Creatures
  4 gnolls (D:3)
  3 adders
  2 oozes (D:1)
  3 worms (D:2)
  5 dart slugs
  2 leopard geckos
  5 orcs (D:3)
  A bat (D:3)
  4 giant cockroaches
  4 goblins
  5 hobgoblins
  7 jackals
  3 quokkas
  A ball python (D:2)
  A frilled lizard (D:2)
  8 kobolds
  10 rats
68 creatures vanquished.

Notes
Turn   | Place    | Note
-------+----------+-------------------------------------------
     0 | Abyss:1  | Gargoyl the Gnoll Abyssal Knight began the quest for the
                  | Orb.
     0 | Abyss:1  | Reached XP level 1. HP: 23/23 MP: 3/3
    84 | Abyss:2  | Noticed a starcursed mass
    85 | D:1      | Escaped the Abyss
   287 | D:1      | Reached XP level 2. HP: 29/29 MP: 5/5
   400 | D:1      | Reached * piety under Lugonu
   527 | D:1      | Reached XP level 3. HP: 35/35 MP: 6/6
  1402 | D:2      | Reached skill level 1 in Short Blades
  1402 | D:2      | Reached skill level 1 in Long Blades
  1402 | D:2      | Reached skill level 1 in Maces & Flails
  1402 | D:2      | Reached skill level 1 in Polearms
  1402 | D:2      | Reached skill level 1 in Staves
  1402 | D:2      | Reached skill level 1 in Slings
  1402 | D:2      | Reached skill level 1 in Bows
  1402 | D:2      | Reached skill level 1 in Crossbows
  1402 | D:2      | Reached skill level 1 in Throwing
  1402 | D:2      | Reached skill level 1 in Stealth
  1402 | D:2      | Reached skill level 1 in Shields
  1402 | D:2      | Reached skill level 1 in Unarmed Combat
  1402 | D:2      | Reached skill level 1 in Spellcasting
  1402 | D:2      | Reached skill level 1 in Evocations
  1428 | D:2      | Found a burning altar of Makhleb.
  1553 | D:2      | Reached XP level 4. HP: 39/41 MP: 7/7
  1830 | D:2      | Reached ** piety under Lugonu
  2307 | D:3      | Reached skill level 1 in Conjurations
  2307 | D:3      | Reached skill level 1 in Hexes
  2307 | D:3      | Reached skill level 1 in Summonings
  2307 | D:3      | Reached skill level 1 in Necromancy
  2307 | D:3      | Reached skill level 1 in Translocations
  2307 | D:3      | Reached skill level 1 in Transmutations
  2307 | D:3      | Reached skill level 1 in Fire Magic
  2307 | D:3      | Reached skill level 1 in Ice Magic
  2307 | D:3      | Reached skill level 1 in Air Magic
  2307 | D:3      | Reached skill level 1 in Earth Magic
  2307 | D:3      | Reached skill level 1 in Poison Magic
  2467 | D:3      | Reached XP level 5. HP: 36/47 MP: 8/8
  2675 | D:3      | Found a radiant altar of Vehumet.
  2987 | D:4      | Noticed Pikel
  2987 | D:4      | Noticed a lemure
  2987 | D:4      | Noticed a lemure
  2988 | D:4      | Noticed a lemure
  2989 | D:4      | Noticed a lemure
  3133 | D:4      | Killed from afar by Pikel

Illustrated notes

Levels and vault maps discovered:
D:1:      lemuel_arrival_tunnels, layout_loops_corners, amethyst_killhole
D:2:      layout_loops_cross, lemuel_doored_altar
D:3:      layout_loops_cross, old_standard_altar
D:4:      layout_basic, kennysheep_mini, fedhas_altar_4, elyvilon_altar_4,
          uniq_edmund, uniq_pikel

Skill      XL: |  1  2  3  4  5 |
---------------+----------------+-----
Short Blades   | 1 |  1.5
Long Blades    | 1 |  1.5
Maces & Flails | 1 |  1.5
Polearms       | 1 |  1.5
Staves         | 1 |  1.5
Slings         | 1 |  1.5
Bows           | 1 |  1.5
Crossbows      | 1 |  1.5
Throwing       | 1 |  1.5
Stealth        | 1 |  1.5
Shields        | 1 |  1.5
Unarmed Combat | 1 |  1.5
Spellcasting   | 1 |  1.5
Evocations     | 1 |  1.5
Conjurations   | 1 |  1.2
Hexes          | 1 |  1.2
Summonings     | 1 |  1.2
Necromancy     | 1 |  1.2
Translocations | 1 |  1.2
Transmutations | 1 |  1.2
Fire Magic     | 1 |  1.2
Ice Magic      | 1 |  1.2
Air Magic      | 1 |  1.2
Earth Magic    | 1 |  1.2
Poison Magic   | 1 |  1.2
Dodging        | 3 |  3.0
Fighting       | |  6.7
Axes           | |  4.8
Armour         | |  4.8
Invocations    | |  4.9

Action                   |  1- 3 |  4- 6 || total
-------------------------+-------+-------++-------
Melee: Falchion          |    79 |   120 ||   199
       Bite              |     3 |    13 ||    16
       Punch             |     1 |       ||     1
Invok: Depart the Abyss  |     1 |       ||     1
  Use: Scroll            |       |     9 ||     9
Armor: Chain mail        |    73 |    92 ||   165
Dodge: Dodged            |    36 |    53 ||    89
Block: Other             |       |    22 ||    22
       Reflection        |       |     1 ||     1
       Rpst.: Falchion   |    15 |    21 ||    36

Table legend: (Time is in decaauts)
 A = Elapsed time spent in this place.
 B = Non-inter-level travel time spent in this place.
 C = Inter-level travel time spent in this place.
 D = Time resting spent in this place.
 E = Time spent auto-exploring this place.
 F = Levels seen in this place.
 G = Mean time per level.
                   A        B        C        D        E       F      G
               +--------+--------+--------+--------+--------+-----+--------+
         Total |   3179 |   3108 |     71 |    536 |   2004 |   6 |  529.8 |
       Dungeon |   3095 |   3024 |     71 |    536 |   1946 |   4 |  773.8 |
         Abyss |     84 |     84 |      0 |      0 |     58 |   2 |   42.0 |
               +--------+--------+--------+--------+--------+-----+--------+

Top non-repeatable levels by time:
     D:1: 1056 daAuts
     D:2: 1023 daAuts
     D:3: 1008 daAuts
 Abyss:1: 61 daAuts
 Abyss:2: 23 daAuts
     D:4: 7 daAuts
